 Dungeon Crawl Stone Soup version 0.30-a0-772-g5528072125 (webtiles) character file.

Game seed: 13589939685715337372

125198 Esekla the Eclecticist (level 16, 0/85 HPs)
             Began as a Vine Stalker Delver on Feb 12, 2023.
             Was the Champion of Vehumet.
             Slain by a salamander
             ... wielding a +0 trident
              (5 damage)
             ... on level 3 of the Snake Pit.
             The game lasted 04:23:25 (27178 turns).

Esekla the Eclecticist (Vine Stalker Delver)       Turns: 27178, Time: 04:23:26

Health: 0/85       AC: 20    Str: 20    XL:     16   Next: 95%
Magic:  0/45       EV: 14    Int: 23    God:    Vehumet [******]
Gold:   394        SH:  6    Dex: 18    Spells: 3/45 levels left

rFire   . . .      SeeInvis +    a - +3 falchion of the Ship {freeze, rElec Dex+2}
rCold   . . .      Faith    .    A - +0 buckler
rNeg    + . .      Spirit   +    b - +2 leather armour of the Endless Beggars {Int+4 Slay+4}
rPois   .          Reflect  .    o - +2 helmet {SInv}
rElec   +          Harm     .    e - +2 cloak {Stlth+}
rCorr   .          Rampage  .    (no gloves)
Will    +....                    L - +0 pair of boots
Stlth   +++++                    l - amulet of the Wild Haggis {rN+ Will- Regen+ Str+3 Int+3}
HPRegen 1.94/turn                t - ring of magical power
MPRegen 0.29/turn                W - +4 ring of slaying

@: lethally poisoned (0 -> -12), ice-armoured, freezing walls, studying Air
Magic
A: fangs 3, regeneration 1, magic shield, antimagic bite, no potion heal 2
a: Renounce Religion


You were on level 3 of the Snake Pit.
You worshipped Vehumet.
Vehumet was exalted by your worship.
You visited 5 branches of the dungeon, and saw 25 of its levels.
You also visited: Ossuary and Gauntlet.

You collected 3137 gold pieces.
You spent 2743 gold pieces at shops.

Inventory:

Hand Weapons
 a - the +3 falchion of the Ship (weapon) {freeze, rElec Dex+2}
   (You found it on level 4 of the Dungeon)

   Dex:       It affects your dexterity (+2).
   rElec:     It insulates you from electricity.
 f - a +4 scimitar of flaming
 r - a +5 demon trident of venom
 s - a +4 dagger of freezing
 v - a +1 dagger of venom
 w - a +2 dagger of holy wrath
 y - the +7 long sword of the Orcish Mines {drain, rC+}
   (You found it on level 4 of the Lair of Beasts)

   rC:        It protects you from cold.
Missiles
 i - 35 poisoned darts
 z - 6 boomerangs (quivered)
 H - 3 curare-tipped darts
 P - 16 javelins
Armour
 b - the +2 leather armour of the Endless Beggars (worn) {Int+4 Slay+4}
   (You found it on level 4 of the Dungeon)

   Int:       It affects your intelligence (+4).
   Slay:      It affects your accuracy & damage with ranged weapons and melee
   (+4).
 e - a +2 cloak of stealth (worn)
 o - a +2 helmet of see invisible (worn)
 A - a +0 buckler (worn)
 L - a +0 pair of boots (worn)
 R - the +0 robe "Forget-Me-Not" {Rampage Str+3 SInv Archmagi}
   (You found it on level 10 of the Dungeon)

   Str:       It affects your strength (+3).
   SInv:      It lets you see invisible.
   Rampage:   It bestows one free step when moving towards enemies.
   Archmagi:  It increases the power of your magical spells.
 Z - a +3 ring mail of fire resistance
Jewellery
 l - the amulet of the Wild Haggis (around neck) {rN+ Will- Regen+ Str+3 Int+3}
   (You found it in a Gauntlet)

   [amulet of regeneration]

   Str:       It affects your strength (+3).
   Int:       It affects your intelligence (+3).
   rN:        It protects you from negative energy.
   Regen:     It increases your rate of health regeneration.
   Will:      It decreases your willpower.
 n - a ring of wizardry
 q - the ring of the Pariah {Ice rElec MP+9 Dex+3}
   (You found it on level 3 of the Lair of Beasts)

   [ring of ice]

   It enhances your ice magic.
   Dex:       It affects your dexterity (+3).
   rF:        It makes you vulnerable to fire.
   rC:        It protects you from cold.
   rElec:     It insulates you from electricity.
   MP:        It affects your magic capacity (+9).
 t - a ring of magical power (left hand)
 u - a ring of magical power
 B - a ring of resist corrosion
 S - a +6 ring of intelligence
 W - a +4 ring of slaying (right hand)
 X - the ring "Zoesamoo" {Ice Str+2 Dex+2}
   (You found it on level 10 of the Dungeon)

   [ring of ice]

   It enhances your ice magic.
   Str:       It affects your strength (+2).
   Dex:       It affects your dexterity (+2).
   rF:        It makes you vulnerable to fire.
   rC:        It protects you from cold.
Wands
 g - a wand of digging (10)
 j - a wand of flame (32)
 M - a wand of roots (24)
 N - a wand of mindburst (22)
 Q - a wand of acid (5)
Scrolls
 c - 4 scrolls of fog
 m - 4 scrolls of poison
 p - 10 scrolls of teleportation
 x - a scroll of enchant weapon
 D - 4 scrolls of silence
 J - 2 scrolls of blinking
 T - 3 scrolls of magic mapping
Potions
 h - 10 potions of curing
 k - 4 potions of flight
 C - 4 potions of might
 F - a potion of magic
 G - 2 potions of ambrosia
 I - 2 potions of invisibility
 K - 5 potions of attraction
 O - 2 potions of brilliance
 U - a potion of cancellation
 V - 4 potions of lignification
 Y - 3 potions of haste
Miscellaneous
 d - a lightning rod (4/4)


   Skills:
 + Level 9.8 Fighting
 + Level 2.6(8.2) Short Blades
 + Level 12.2(12.3) Long Blades
 - Level 3.0 Throwing
 + Level 4.5 Armour
 + Level 5.4 Dodging
 - Level 10.0 Stealth
 + Level 5.0 Shields
 * Level 15.3 Spellcasting
 + Level 7.7 Conjurations
 + Level 3.3 Translocations
 + Level 3.5 Transmutations
 * Level 3.3 Fire Magic
 - Level 8.4 Ice Magic
 * Level 9.7 Air Magic
 * Level 5.0 Poison Magic
 + Level 0.1 Evocations


You had 3 spell levels left.
You knew the following spells:

 Your Spells              Type           Power      Damage    Failure   Level
a - Ozocubu's Armour      Ice            54%        N/A       1%          3
b - Blink                 Tloc           64%        N/A       1%          2
c - Mephitic Cloud        Conj/Pois/Air  51%        N/A       1%          3
e - Searing Ray           Conj           100%       2d8       1%          2
i - Irradiate             Conj/Tmut      21%        3d18      4%          5
k - Airstrike             Air            29%        2d(5-21)  1%          4
l - Conjure Ball Lightni  Conj/Air       27%        3x3d8     5%          6
n - Ignite Poison         Fire/Tmut/Pois 35%        N/A       1%          3
r - Frozen Ramparts       Ice            100%       1d16      1%          3
w - Wereblood             Tmut           33%        N/A       1%          2
y - Sticky Flame          Conj/Fire      43%        2d6       1%          4
z - Freezing Cloud        Conj/Ice/Air   27%        6-21      1%          5

Your spell library contained the following spells:

 Spells                   Type           Power      Damage    Failure   Level
 Apportation              Tloc           64%        N/A       1%          1
 Beastly Appendage        Tmut           66%        N/A       1%          1
 Magic Dart               Conj           100%       1d8       1%          1
 Cigotuvi's Dreadful Rot  Necr/Pois/Air  80%        N/A       1%          2
 Lesser Beckoning         Tloc           64%        N/A       1%          2
 Momentum Strike          Conj/Tloc      86%        3d10      1%          2
 Poisonous Vapours        Pois/Air       100%       N/A       1%          2
 Dazzling Flash           Conj/Hex       70%        N/A       1%          3
 Kindle Blastsparks       Fire/Tloc/Air  84%        2d17      1%          3
 Vhi's Electric Charge    Tloc/Air       94%        N/A       1%          3
 Inner Flame              Hex/Fire       25%        N/A       2%          3
 Spider Form              Tmut/Pois      37%        N/A       2%          3
 Necrotise                Necr           68%        1d7       4%          1
 Summon Small Mammal      Summ           68%        N/A       4%          1
 Sublimation of Blood     Necr           17%        N/A       8%          2
 Portal Projectile        Hex/Tloc       50%        N/A       8%          3
 Call Canine Familiar     Summ           17%        N/A       16%         3
 Flame Wave               Conj/Fire      43%        2d11      1%          4
 Iskenderun's Mystic Bla  Conj/Tloc      43%        2d10      1%          4
 Arcjolt                  Conj/Air       27%        1d37      1%          5
 Lightning Bolt           Conj/Air       27%        1d44      1%          5
 Fulminant Prism          Conj/Hex       17%        3d11      2%          4
 Summon Lightning Spire   Summ/Air       40%        N/A       7%          4
 Starburst                Conj/Fire      21%        6d7       21%         6
 Petrify                  Tmut/Erth      25%        N/A       24%         4
 Metabolic Englaciation   Hex/Ice        18%        N/A       24%         5
 Lee's Rapid Deconstruct  Erth           8%         3d7*      32%         5
 Eringya's Noxious Bog    Tmut/Pois      18%        N/A       32%         6
 Ozocubu's Refrigeration  Ice            27%        4d13      32%         7
 Animate Armour           Summ/Erth      34%        N/A       45%         4
 Leda's Liquefaction      Hex/Erth       8%         N/A       45%         4
 Summon Forest            Summ/Tloc      12%        N/A       56%         5
 Maxwell's Capacitive Co  Air            29%        ∞         78%         8
 Statue Form              Tmut/Erth      16%        N/A       98%         6
 Monstrous Menagerie      Summ           8%         N/A       100%        7
 Summon Hydra             Summ           8%         N/A       100%        7


Dungeon Overview and Level Annotations

Branches:
Dungeon (15/15)            Temple (1/1) D:5            Lair (4/5) D:9
 Shoals (0/4) Lair:2        Snake (3/4) Lair:3        Slime (0/5) Lair:4
    Orc (2/2) D:11            Elf (0/3) Orc:2        Vaults (0/5) D:13
 Depths (0/4) D:15        Ossuary (visited)         Gauntlet (visited)

Altars:
Ashenzari
Cheibriados
Dithmenos
Elyvilon
Fedhas
Gozag
Hepliaklqana
Kikubaaqudgha
Makhleb
Nemelex Xobeh
Okawaru
Qazlal
Ru
Sif Muna
Trog
Uskayaw
Vehumet
Wu Jian
Xom
Yredelemnul
Zin
The Shining One

Shops:
D:2 ?   D:10 ?   D:11 !   D:12 :   D:15 :!*((   Orc:2 ::[=

Annotations:
D:5 2 rust devils
D:9 2 runed translucent doors, BigDaddyOpFi's ghost, journeyman TrTm
D:10 6 transporters
Lair:3 Beavis's ghost, journeyman GnWn; Jeuts's ghost, journeyman MiFi; Obburaj's ghost, journeyman NaIE
Snake:2 3 runed translucent doors, Ixtim's ghost, journeyman MiFi; Roxanne


Innate Abilities, Weirdness & Mutations

You have razor-sharp teeth.
Your natural rate of healing is unusually fast.
When hurt, damage is shared between your health and your magic reserves.
Your bite disrupts and absorbs the magic of your enemies.
Potions cannot restore your health.


Message History

It stops flaming.
You block the salamander's attack.
The salamander mystic is frozen!
The wall freezes the salamander mystic!
The salamander mystic hits you with a +0 scimitar!
You are engulfed in flames!
The salamander is frozen!
The wall freezes the salamander!!
The salamander hits you from afar with a +1 halberd of venom!
You are engulfed in flames!
You are poisoned.
The salamander hits you but does no damage.
Casting: Frozen Ramparts (safe; 1% risk of failure)
Confirm with . or Enter, or press ? or * to list all spells.
A film of ice covers your body!
You feel very sick.
The wall freezes the salamander but does no damage.
The salamander barely misses you.
The salamander mystic is frozen!
The wall freezes the salamander mystic!
The salamander mystic barely misses you.
The salamander is frozen!
The wall freezes the salamander!
The salamander hits you but does no damage.
The salamander hits you from afar with a +0 trident.
You are engulfed in flames!
The heat melts your icy armour.
Casting: Ozocubu's Armour (safe; 1% risk of failure)
Confirm with . or Enter, or press ? or * to list all spells.
Aiming: Freezing Cloud (dangerous; 1% risk of failure)
Press: ? - help, Dir - move target, f - salamander
Aim: a salamander, wielding a +0 trident That beam is likely to hit you.
Continue anyway?
You feel very sick.
The salamander is frozen!
The wall freezes the salamander!
The salamander hits you from afar with a +1 halberd of venom!
* * * LOW HITPOINT WARNING * * *
You are engulfed in flames!
* * * LOW HITPOINT WARNING * * *
You are lethally poisoned!
The salamander is frozen!
The wall freezes the salamander!
The salamander hits you but does no damage.
The salamander is engulfed in freezing vapours.
The salamander hits you from afar with a +0 trident!
You die...

.........#
.........#.
...........#
............#
.........§§§#
........§N§##
#.......§§NN#
#......@N#
##.......##
#......###
##.......# ..
##........###....
##.....#......#
......##...####
##....##...#
.#....#...##


You could see a salamander mystic and 3 salamanders.

Vanquished Creatures
  A sphinx (D:13)
  A tengu reaver (D:13)
  A fire giant (D:13)
  A minotaur (Gauntlet)
  An ettin (D:13)
  Fannar (D:11)
  Harold (D:9)
  A rakshasa (D:15)
  3 hydras
  A salamander tyrant (Snake:2)
  6 ogre magi
  2 catoblepae (D:13)
  5 boulder beetles
  5 anacondas
  A death knight (D:14)
  Erica (D:11)
  7 centaur warriors
  3 naga warriors
  29 two-headed ogres
  4 death yaks (Lair:3)
  2 tengu warriors (D:14)
  4 naga sharpshooters
  Urug (Lair:3)
  2 shock serpents
  Sonja (Lair:3)
  A soul eater (Gauntlet)
  2 skeletal warriors (D:14)
  A skyshark (Lair:2)
  A salamander mystic (Snake:1)
  4 naga ritualists
  2 orc knights
  Pikel (D:4)
  6 deep elf zephyrmancers (Orc:1)
  A wizard (D:13)
  A necromancer (D:15)
  A lindwurm (Lair:2)
  6 orc sorcerers
  7 mana vipers
  6 deep elf pyromancers
  8 salamanders
  A manticore (D:13)
  A wolf spider (D:15)
  17 ugly things
  5 cyclopes
  17 black mambas
  A salamander (shapeshifter) (D:10)
  6 naga magi
  A merfolk siren (Lair:2)
  2 gargoyles
  Joseph (Lair:1)
  5 cane toads
  A freezing wraith (D:10)
  2 efreet
  2 centaur skeletons (D:15)
  A rime drake (Lair:4)
  3 komodo dragons
  3 tengu conjurers
  11 trolls
  2 polar bears (Lair:3)
  3 meliai (D:15)
  2 hornets
  2 raiju (Gauntlet)
  A harpy skeleton (D:15)
  A centaur simulacrum (D:15)
  A jumping spider (shapeshifter) (D:13)
  7 flying skulls (Gauntlet)
  7 shadows
  A slime creature (shapeshifter) (D:13)
  Sigmund (D:6)
  3 wraiths
  40 yaks
  7 wyverns
  A steam dragon (shapeshifter) (D:13)
  3 basilisks
  22 vampire mosquitoes
  3 wargs
  2 two-headed ogre zombies (D:11)
  16 nagas
  7 water moccasins
  18 orc warriors
  2 sky beasts
  22 centaurs
  31 ogres
  A boggart (D:10)
  2 kobold brigands (D:9)
  2 elf zombies (Ossuary)
  12 bullfrogs
  2 necrophages
  A gnoll sergeant (D:8)
  5 scorpions
  9 wights
  A troll zombie (D:11)
  A killer bee (D:10)
  An electric eel (Orc:1)
  7 crimson imps (D:11)
  2 centaur zombies
  4 hounds
  2 jellies
  18 orc priests
  2 human zombies (Ossuary)
  5 iguanas
  16 orc wizards
  A lightning spire (Gauntlet)
  Natasha (thrice) (D:4)
  5 ogre zombies (D:11)
  A hound zombie (Ossuary)
  4 mummies
  13 gnolls
  14 adders
  4 shadow imps
  2 white imps
  An ufetubus (D:4)
  6 adder zombies (Ossuary)
  2 dart slugs (D:5)
  61 orcs
  4 ball pythons
  9 bats
  8 endoplasms
  A giant cockroach (D:2)
  A gnoll zombie (Ossuary)
  7 goblins
  15 hobgoblins
  9 jackals
  26 kobolds
  6 quokkas
  3 frilled lizards
  4 goblin zombies
  3 hobgoblin skeletons (D:11)
  5 hobgoblin zombies
  2 jackal zombies (Ossuary)
  3 kobold zombies (Ossuary)
  3 orc skeletons (D:11)
  16 orc zombies
  2 quokka zombies (Ossuary)
  6 rats
  5 rat zombies (Ossuary)
766 creatures vanquished.

Vanquished Creatures (others)
  A vampire mosquito (D:13)
  An orc warrior (Orc:1)
  An orc priest (Orc:1)
  An orc wizard (Orc:1)
  24 fungi
  45 plants
  3 withered plants (Lair:3)
76 creatures vanquished.

Grand Total: 842 creatures vanquished

Notes
Turn   | Place    | Note
-------+----------+-------------------------------------------
     0 | D:5      | Esekla the Vine Stalker Delver began the quest for the Orb.
     0 | D:5      | Reached XP level 1. HP: 11/11 MP: 2/2
     0 | D:5      | Found a shimmering altar of Xom.
     0 | D:5      | Found a shimmering altar of Xom.
     1 | D:5      | Found a shimmering altar of Xom.
     1 | D:5      | Found a shimmering altar of Xom.
     1 | D:5      | Found a shimmering altar of Xom.
     1 | D:5      | Found a shimmering altar of Xom.
    24 | D:5      | Found a hazy altar of Hepliaklqana.
    36 | D:5      | Noticed a hound
    45 | D:5      | Found a staircase to the Ecumenical Temple.
    56 | D:5      | Noticed a hound
    62 | Temple   | Entered the Ecumenical Temple
    69 | Temple   | Became a worshipper of Vehumet
    87 | D:5      | Killed a hound
    88 | D:5      | Reached XP level 2. HP: 7/16 MP: 1/4
    88 | D:5      | Reached XP level 3. HP: 8/19 MP: 1/5
   113 | D:4      | Noticed a necrophage
   210 | D:4      | Killed a necrophage
   211 | D:4      | Reached skill level 1 in Spellcasting
   211 | D:4      | Gained mutation: Your natural rate of healing is unusually
                  | fast. [Vine Stalker growth]
   211 | D:4      | Reached XP level 4. HP: 14/24 MP: 3/6
   227 | D:4      | Reached XP level 5. HP: 20/28 MP: 6/8
   510 | D:2      | Found Kaluul's Magic Scroll Emporium.
   708 | D:1      | Found a faded altar of an unknown god.
  1471 | D:2      | Bought a scroll of identify for 22 gold pieces
  1471 | D:2      | Bought a scroll of identify for 22 gold pieces
  1471 | D:2      | Bought a scroll of identify for 22 gold pieces
  1806 | D:2      | Reached * piety under Vehumet
  1806 | D:2      | Offered knowledge of Kiss of Death by Vehumet.
  2916 | D:2      | Bought a scroll of enchant weapon for 82 gold pieces
  3246 | D:4      | Noticed an ogre
  3315 | D:3      | Reached XP level 6. HP: 20/32 MP: 9/9
  3492 | D:3      | Reached ** piety under Vehumet
  3492 | D:3      | Offered knowledge of Searing Ray by Vehumet.
  3497 | D:3      | Learned a level 2 spell: Searing Ray
  3570 | D:4      | Identified the +3 falchion of the Ship {freeze, rElec
                  | Dex+2}
  3701 | D:4      | Reached skill level 2 in Spellcasting
  3774 | D:4      | Noticed Natasha
  3784 | D:4      | Killed Natasha
  3885 | D:4      | Reached skill level 1 in Armour
  3909 | D:4      | Noticed Pikel
  3954 | D:4      | Killed Pikel
  3955 | D:4      | Reached skill level 1 in Conjurations
  3955 | D:4      | Reached XP level 7. HP: 11/37 MP: 6/12
  4081 | D:4      | Identified the +2 leather armour of the Endless Beggars
                  | {Int+4 Slay+4}
  4151 | D:4      | Reached skill level 1 in Throwing
  4151 | D:4      | Gained mutation: You have razor-sharp teeth. [Vine Stalker
                  | growth]
  4151 | D:4      | Reached XP level 8. HP: 42/42 MP: 13/13
  4263 | D:4      | Noticed Natasha
  4288 | D:4      | Reached skill level 3 in Spellcasting
  4304 | D:4      | Killed Natasha
  4518 | D:4      | Noticed Natasha
  4523 | D:4      | Killed Natasha
  4719 | D:5      | Found a shimmering altar of Xom.
  4730 | D:5      | Found a shimmering altar of Xom.
  4730 | D:5      | Found a shimmering altar of Xom.
  4767 | D:5      | Reached skill level 5 in Long Blades
  5026 | D:5      | Reached skill level 1 in Short Blades
  5297 | D:6      | Offered knowledge of Kindle Blastsparks by Vehumet.
  5355 | D:6      | Noticed Sigmund
  5404 | D:6      | Reached *** piety under Vehumet
  5586 | D:6      | Found an opulent altar of Gozag.
  5586 | D:6      | Found a white marble altar of Elyvilon.
  5618 | D:6      | Offered knowledge of Frozen Ramparts by Vehumet.
  5628 | D:6      | Learned a level 3 spell: Frozen Ramparts
  5825 | D:6      | Found an ancient bone altar of Kikubaaqudgha.
  5947 | D:5      | Noticed a rust devil
  5947 | D:5      | Noticed a rust devil
  5994 | D:6      | Reached skill level 4 in Spellcasting
  5994 | D:6      | Reached XP level 9. HP: 13/46 MP: 5/16
  6107 | D:6      | Killed Sigmund
  6108 | D:6      | Reached skill level 1 in Ice Magic
  6265 | D:7      | Reached skill level 5 in Fighting
  6456 | D:7      | Reached **** piety under Vehumet
  6484 | D:7      | Offered knowledge of Stone Arrow by Vehumet.
  6814 | D:8      | Found a sand-covered staircase.
  6824 | Ossuary  | Entered an ossuary
  7028 | Ossuary  | Reached XP level 10. HP: 51/51 MP: 18/18
  7034 | Ossuary  | Reached ***** piety under Vehumet
  7102 | Ossuary  | Offered knowledge of Conjure Ball Lightning by Vehumet.
  7127 | Ossuary  | Learned a level 6 spell: Conjure Ball Lightning
  7160 | Ossuary  | Reached skill level 5 in Spellcasting
  8258 | D:9      | Learned a level 3 spell: Ozocubu's Armour
  8262 | D:9      | Noticed Harold
  8309 | D:9      | Reached skill level 1 in Air Magic
  8518 | D:9      | Found a large runed translucent door.
  8518 | D:9      | Found a large runed translucent door.
  8522 | D:9      | Noticed BigDaddyOpFi's ghost (journeyman TrTm)
  8541 | D:9      | Noticed a two-headed ogre
  8546 | D:9      | Killed a two-headed ogre
  8547 | D:9      | Reached skill level 10 in Stealth
  8581 | D:9      | Noticed a two-headed ogre
  8596 | D:9      | Reached skill level 1 in Shields
  8624 | D:9      | Killed a two-headed ogre
  8625 | D:9      | Reached skill level 6 in Spellcasting
  8750 | D:9      | Noticed a two-headed ogre
  8753 | D:9      | Killed a two-headed ogre
  8754 | D:9      | Reached XP level 11. HP: 56/56 MP: 21/21
  9169 | D:9      | Found a staircase to the Lair.
  9197 | D:9      | Killed Harold
  9294 | Lair:1   | Entered Level 1 of the Lair of Beasts
  9568 | Lair:1   | Noticed Joseph
  9597 | Lair:1   | Killed Joseph
 10210 | Lair:2   | Noticed a seven-headed hydra
 10217 | Lair:2   | Identified the +5 robe of Autotheism {rElec rPois Dex-3
                  | SInv}
 10279 | D:10     | Entered Level 10 of the Dungeon
 10431 | D:10     | Found a transporter.
 10439 | D:10     | Found a transporter.
 10451 | D:10     | Found a transporter.
 10460 | D:10     | Found a transporter.
 10519 | D:10     | Found a transporter.
 10608 | D:10     | Found a transporter.
 10739 | D:10     | Reached skill level 7 in Spellcasting
 11000 | D:10     | Learned a level 2 spell: Blink
 11026 | D:10     | Reached skill level 5 in Ice Magic
 11049 | D:10     | Noticed a two-headed ogre
 11067 | D:10     | Killed a two-headed ogre
 11131 | D:10     | Noticed a cyclops
 11132 | D:10     | Noticed a boulder beetle
 11133 | D:10     | Noticed a cyclops
 11157 | D:10     | Reached XP level 12. HP: 52/62 MP: 24/24
 11162 | D:10     | Killed a boulder beetle
 11163 | D:10     | Reached skill level 1 in Translocations
 11172 | D:10     | Noticed a two-headed ogre
 11199 | D:10     | Offered knowledge of Airstrike by Vehumet.
 11214 | D:10     | Learned a level 4 spell: Airstrike
 11320 | D:10     | Reached skill level 8 in Spellcasting
 11394 | D:10     | Identified the +0 robe "Forget-Me-Not" {Rampage Str+3 SInv
                  | Archmagi}
 11399 | D:10     | Identified the ring "Zoesamoo" {Ice Str+2 Dex+2}
 11505 | D:10     | Found Vacecyin's Magic Scroll Emporium.
 11510 | D:10     | Bought a scroll of identify for 34 gold pieces
 11827 | D:11     | Found Jucked's Distillery.
 12031 | D:11     | Found a gate leading to a gauntlet.
 12043 | Gauntlet | Entered a Gauntlet
 12043 | Gauntlet | Found a transporter.
 12043 | Gauntlet | Found a transporter.
 12059 | Gauntlet | Found a transporter.
 12060 | Gauntlet | Noticed a soul eater
 12066 | Gauntlet | Found a transporter.
 12084 | Gauntlet | Found a transporter.
 12088 | Gauntlet | Found a transporter.
 12126 | Gauntlet | Found a transporter.
 12141 | Gauntlet | Found a transporter.
 12155 | Gauntlet | Found a transporter.
 12171 | Gauntlet | Found a transporter.
 12260 | Gauntlet | Found a transporter.
 12275 | Gauntlet | Found a transporter.
 12290 | Gauntlet | Found a transporter.
 12308 | Gauntlet | Found a transporter.
 12393 | Gauntlet | Found a transporter.
 12394 | Gauntlet | Found a transporter.
 12476 | Gauntlet | Killed a soul eater
 12611 | Gauntlet | Identified the amulet of the Wild Haggis {rN+ Will- Regen+
                  | Str+3 Int+3}
 12683 | Gauntlet | Learned a level 4 spell: Sticky Flame
 12802 | Gauntlet | Noticed a minotaur
 12821 | Gauntlet | Killed a minotaur
 12862 | Gauntlet | Identified the +1 ring mail of the Weaver {+Blink Will-
                  | Dex+3}
 12986 | D:11     | Noticed Erica
 12989 | D:11     | Killed Erica
 13076 | D:11     | Reached skill level 5 in Air Magic
 13116 | D:11     | Found a staircase to the Orcish Mines.
 13479 | D:11     | Noticed Fannar
 13487 | D:11     | Killed Fannar
 13667 | Lair:2   | Killed a two-headed hydra
 13886 | Lair:2   | Offered knowledge of Lightning Bolt by Vehumet.
 13887 | Lair:2   | Reached XP level 13. HP: 47/67 MP: 20/26
 14115 | Lair:2   | Reached skill level 5 in Conjurations
 14200 | Lair:2   | Learned a level 5 spell: Lightning Bolt
 14400 | Lair:2   | Reached skill level 9 in Spellcasting
 14406 | Lair:2   | Found a staircase to the Shoals.
 14652 | Lair:2   | Upgraded the game from 0.30-a0-760-g5a9884bb7c to
                  | 0.30-a0-772-g5528072125
 14685 | Lair:3   | You fall into a shaft and drop 1 floor!
 14827 | Lair:3   | Found a runed translucent gate.
 14845 | Lair:3   | Found a runed translucent gate.
 14846 | Lair:3   | Found a runed translucent gate.
 14893 | Lair:3   | Noticed Jeuts's ghost (journeyman MiFi)
 14894 | Lair:3   | Noticed Beavis's ghost (journeyman GnWn)
 14899 | Lair:3   | Found a shadowy altar of Dithmenos.
 14993 | Lair:3   | Reached skill level 10 in Long Blades
 15015 | Lair:3   | Noticed Sonja
 15018 | Lair:3   | Noticed Urug
 15021 | Lair:3   | Killed Sonja
 15035 | Lair:3   | Killed Urug
 15489 | Lair:3   | Found a staircase to the Snake Pit.
 15525 | Lair:3   | Noticed Obburaj's ghost (journeyman NaIE)
 15790 | Lair:4   | Found a staircase to the Slime Pits.
 15827 | Lair:4   | Identified the +7 long sword of the Orcish Mines {drain,
                  | rC+}
 16962 | Lair:3   | Identified the ring of the Pariah {Ice rElec MP+9 Dex+3}
 17238 | Orc:1    | Entered Level 1 of the Orcish Mines
 17421 | Orc:1    | Identified a scroll of acquirement
 17489 | Orc:1    | Offered knowledge of Freezing Cloud by Vehumet.
 17532 | Orc:1    | Learned a level 5 spell: Freezing Cloud
 17708 | Orc:1    | Reached XP level 14. HP: 65/73 MP: 28/28
 17733 | Orc:1    | Reached skill level 10 in Spellcasting
 18537 | Orc:2    | Entered Level 2 of the Orcish Mines
 19107 | Orc:2    | Found Jigul's Armour Boutique.
 19116 | Orc:2    | Found Zidgh's Book Shoppe.
 19117 | Orc:2    | Found Soarular's Book Boutique.
 19117 | Orc:2    | Found Harotz's Jewellery Emporium.
 19128 | Orc:2    | Bought a book of Changes for 324 gold pieces
 19131 | Orc:2    | Learned a level 2 spell: Wereblood
 19145 | Orc:2    | Bought a +2 helmet of see invisible for 236 gold pieces
 19196 | Orc:2    | Paralysed by an ogre mage for 3 turns
 19203 | Orc:2    | Reached skill level 11 in Spellcasting
 19419 | Orc:2    | Found a staircase to the Elven Halls.
 19820 | D:12     | Reached skill level 1 in Transmutations
 20069 | D:12     | Found Xeufful's Book Emporium.
 20640 | D:13     | Offered knowledge of Irradiate by Vehumet.
 20641 | D:13     | Reached XP level 15. HP: 78/78 MP: 31/31
 20647 | D:13     | Learned a level 5 spell: Irradiate
 20960 | D:13     | Reached skill level 12 in Spellcasting
 21127 | D:13     | Acquired 710 gold pieces
 21293 | D:13     | Noticed a fire giant
 21361 | D:13     | Found a gate to the Vaults.
 21479 | D:13     | Noticed a sphinx
 21804 | D:13     | Noticed a tengu reaver
 21808 | D:13     | Killed a fire giant
 21817 | D:13     | Killed a tengu reaver
 21950 | D:13     | Killed a sphinx
 21951 | D:13     | Reached skill level 13 in Spellcasting
 22009 | D:13     | Got the Compilation of Relocated Phantasms
 22178 | Orc:2    | Bought a manual of Air Magic for 1440 gold pieces
 22239 | D:12     | Bought a book of Vapours for 340 gold pieces
 22243 | D:12     | Learned a level 3 spell: Mephitic Cloud
 22337 | D:14     | Reached skill level 5 in Dodging
 22547 | D:10     | Bought a scroll of brand weapon for 161 gold pieces
 22752 | D:14     | Reached skill level 1 in Poison Magic
 23040 | D:14     | Found an iron altar of Okawaru.
 23266 | D:15     | Entered Level 15 of the Dungeon
 23283 | D:15     | Acquired a +4 ring of slaying
 23335 | D:15     | Found Zaolath's Distillery.
 23344 | D:15     | Found Ylostyva's Assorted Antiques.
 23355 | D:15     | Bought a potion of berserk rage for 60 gold pieces
 23363 | D:15     | Found Liaru's Antique Weapon Shoppe.
 23551 | D:15     | Found Iconusynuxt's Weapon Shop.
 23618 | D:15     | Found a shimmering blue altar of Sif Muna.
 23800 | D:15     | Reached skill level 14 in Spellcasting
 23800 | D:15     | Reached XP level 16. HP: 70/84 MP: 35/35
 23832 | D:15     | Reached ****** piety under Vehumet
 23895 | D:15     | Found a staircase to the Depths.
 23922 | D:15     | Offered knowledge of Lee's Rapid Deconstruction by Vehumet.
 24028 | D:15     | Learned a level 3 spell: Ignite Poison
 24133 | D:15     | Found Dogieroo's Book Shop.
 24839 | Snake:1  | Entered Level 1 of the Snake Pit
 25638 | Snake:1  | HP: 1/84 [naga/+0 dire flail (22)]
 26094 | Snake:1  | Reached skill level 1 in Fire Magic
 26344 | Snake:2  | Found a runed translucent gate.
 26345 | Snake:2  | Found a runed translucent gate.
 26345 | Snake:2  | Noticed Ixtim's ghost (journeyman MiFi)
 26346 | Snake:2  | Found a runed translucent gate.
 26593 | Snake:2  | Reached skill level 15 in Spellcasting
 26657 | Snake:2  | Identified Roxanne's Directory of the Cwm
 26657 | Snake:2  | Noticed Roxanne
 26857 | Snake:2  | Reached skill level 5 in Shields
 27006 | Snake:3  | Reached skill level 5 in Poison Magic
 27178 | Snake:3  | Slain by a salamander

Illustrated notes

Levels and vault maps discovered:
D:1:      sevenhm_arrival_forest_fort_small_6, layout_basic,
          shapermc_ecumenical_altar_starsandcircs
D:2:      layout_loops_corners, serial_shops, shop, corexii_corridor_pit
D:3:      layout_loops_corners
D:4:      layout_loops_cross, minmay_fractal_squares_gapless_5, uniq_natasha,
          uniq_pikel
D:5:      cheibrodos_iron_armory, layout_basic, xom_redecorated,
          nicolae_overflow_crystal_walls, minmay_temple_entry_waves,
          minmay_between
D:6:      corexii_shantytown, layout_basic, mainiacjoe_overflow_chevrons,
          chequers_temple_overflow_statue_of_worship, uniq_sigmund
D:7:      old_forge, layout_gridville
D:8:      layout_basic, gup_ossuary_entry_pyramid, david_defended_altar_orc
D:9:      layout_roguey, lair_entry_dummy, ebering_ghost_disaster_area,
          uniq_harold
D:10:     minmay_the_grid_triangle_9x9_rhombus_full
          [minmay_the_grid_triangle_9x9_limited_checkers,
          minmay_the_grid_triangle_9x9_skeleton,
          minmay_the_grid_triangle_9x9_impossible_snake,
          minmay_the_grid_triangle_9x9_minimal,
          minmay_the_grid_triangle_9x9_from_above,
          minmay_the_grid_triangle_9x9_corruption,
          minmay_the_grid_triangle_9x9_odd_lines,
          minmay_the_grid_triangle_9x9_prize_insulated], layout_long_grid,
          serial_shops, nicolae_shop_advertising_works
          [nicolae_subvault_shop_adworks], serial_nicolae_subway,
          nicolae_sub_station_metal, nicolae_sub_station_stone,
          nicolae_sub_station_crystal
D:11:     layout_roguey, zombieorc2_lemuel, gauntlet_entry_generic,
          serial_shops, shop, minmay_nine_imps, uniq_fannar, uniq_erica
D:12:     layout_basic, serial_shops, shop
D:13:     hangedman_cross_stitches, layout_irregular_city, david_vaults_1,
          minmay_diamond_spiral
D:14:     layout_long_grid, minmay_misc_feat_alley,
          ebering_dispersal_statue_hall, okawaru_altar_gauntlet_db
D:15:     grunt_enter_depths_magical_seal, layout_irregular_city, serial_shops,
          shop_fountains, shop, nicolae_shop_statue_plus, shop,
          nicolae_lakefront_shop, nicolae_sif_muna_condensation,
          chequers_serial_rivers_large_a
Temple:   sentei_temple_godly_chess
Lair:1:   layout_hall_layers, uniq_joseph
Lair:2:   layout_long_grid, elwin_shoals_entry_rooms,
          chequers_serial_rivers_room_a, lemuel_fruit_tree, serial_bayou_shore_a
Lair:3:   layout_loops_ring, minmay_snake_entry_guardpost_small,
          gammafunk_ghost_cemetery, basic_altar, uniq_sonja, uniq_urug
Lair:4:   layout_layer_cave, slime_entry_1
Snake:1:  layout_cave_pods, drop_trap
Snake:2:  nicolae_snake_attic_fulla_snakes, layout_rooms, gammafunk_ghost_split,
          uniq_roxanne
Snake:3:  layout_chambers, serial_shops, nicolae_diamond_shop,
          serial_bayou_pond_d
Orc:1:    layout_caves, elves_outpost_lemuel
Orc:2:    st_orc_ogre_mass, layout_caves, basic_altar

Skill      XL: |  1  2  3  4  5  6  7  8  9 10 11 12 13 14 15 16 |
---------------+-------------------------------------------------+-----
Long Blades    | 2 4 5 6 7 8 9 10 11 12 | 12.2
Fighting       | 3 4 5 6 7 8 9 |  9.8
Stealth        | 7 8 9 10 | 10.0
Spellcasting   | 1 2 4 6 7 8 9 11 14 15 | 15.3
Armour         | 1 2 3 4 |  4.5
Dodging        | 2 3 4 5 |  5.4
Conjurations   | 1 2 4 6 7 |  7.7
Throwing       | 1 2 3 |  3.0
Short Blades   | 1 2 |  2.6
Ice Magic      | 2 3 5 6 7 8 |  8.4
Air Magic      | 2 4 5 6 7 8 9 |  9.7
Shields        | 1 3 4 5 |  5.0
Translocations | 3 |  3.3
Transmutations | 2 3 |  3.5
Poison Magic   | 2 5 |  5.0
Fire Magic     | 3 |  3.3
Evocations     | |  0.1

Action                     |  1- 3 |  4- 6 |  7- 9 | 10-12 | 13-15 | 16-18 || total
---------------------------+-------+-------+-------+-------+-------+-------++-------
  Melee: Falchion          |    13 |   122 |   185 |   348 |   187 |    54 ||   909
         Bite              |     6 |    36 |    48 |   144 |   207 |    71 ||   512
         Punch             |     1 |     1 |     6 |     1 |       |       ||     9
         Dagger            |       |    40 |    54 |    76 |    32 |    12 ||   214
         Scimitar          |       |       |       |    40 |     8 |     4 ||    52
         Long sword        |       |       |       |       |   317 |    95 ||   412
  Throw: Boomerang         |       |    11 |     9 |    62 |   127 |    44 ||   253
         Dart              |       |     1 |    17 |    21 |    39 |       ||    78
   Cast: Frozen Ramparts   |       |       |     3 |    27 |    76 |    22 ||   128
         Ozocubu's Armour  |       |       |       |    38 |    72 |    30 ||   140
         Searing Ray       |       |       |       |     3 |     1 |       ||     4
         Blink             |       |       |       |       |     7 |     1 ||     8
         Freezing Cloud    |       |       |       |       |    41 |    18 ||    59
         Airstrike         |       |       |       |       |    10 |       ||    10
         Wereblood         |       |       |       |       |    13 |    13 ||    26
         Mephitic Cloud    |       |       |       |       |     5 |     9 ||    14
         Sticky Flame      |       |       |       |       |     2 |     7 ||     9
         Ignite Poison     |       |       |       |       |       |     3 ||     3
  Evoke: Wand              |       |       |       |     1 |     1 |       ||     2
    Use: Scroll            |     3 |     4 |     6 |    13 |    15 |     2 ||    43
         Potion            |     1 |     1 |       |     6 |     2 |     4 ||    14
   Stab: Sleeping          |       |    22 |    38 |    24 |    19 |     8 ||   111
         Held in net/web   |       |       |     3 |       |       |       ||     3
         Distracted        |       |       |       |     2 |     2 |     1 ||     5
         Invisible         |       |       |       |     2 |       |       ||     2
         Confused          |       |       |       |       |     3 |     5 ||     8
 Armour: Leather armour    |     3 |    35 |    41 |    86 |   126 |    76 ||   367
         Robe              |       |       |       |    44 |    45 |       ||    89
         Skin              |       |       |       |       |     7 |       ||     7
  Dodge: Dodged            |     4 |    65 |   111 |   165 |   289 |   118 ||   752
  Block: Buckler           |       |       |       |    46 |   109 |    43 ||   198

Table legend: (Time is in decaauts)
 A = Elapsed time spent in this place.
 B = Non-inter-level travel time spent in this place.
 C = Inter-level travel time spent in this place.
 D = Time resting spent in this place.
 E = Time spent auto-exploring this place.
 F = Levels seen in this place.
 G = Mean time per level.
                   A        B        C        D        E       F      G
               +--------+--------+--------+--------+--------+-----+--------+
         Total |  26994 |  25279 |   1715 |   4530 |   6850 |  27 |  999.8 |
       Dungeon |  16679 |  15577 |   1102 |   2644 |   4262 |  15 | 1111.9 |
        Temple |     15 |     15 |      0 |      0 |      0 |   1 |   15.0 |
          Lair |   4897 |   4419 |    478 |    747 |   1752 |   4 | 1224.2 |
     Snake Pit |   2329 |   2326 |      3 |    696 |    496 |   3 |  776.3 |
  Orcish Mines |   1933 |   1802 |    131 |    407 |    194 |   2 |  966.5 |
       Ossuary |    334 |    334 |      0 |      2 |      0 |   1 |  334.0 |
      Gauntlet |    804 |    804 |      0 |     32 |    145 |   1 |  804.0 |
               +--------+--------+--------+--------+--------+-----+--------+

Top non-repeatable levels by time:
    D:13: 1799 daAuts
    D:10: 1617 daAuts
 Snake:1: 1478 daAuts
  Lair:2: 1473 daAuts
     D:4: 1340 daAuts
     D:9: 1337 daAuts
  Lair:3: 1322 daAuts
    D:11: 1213 daAuts
  Lair:4: 1211 daAuts
    D:15: 1194 daAuts
   Orc:2: 1150 daAuts
     D:3: 1139 daAuts
     D:8: 1085 daAuts
     D:1: 1008 daAuts
     D:2: 952 daAuts
